 Dungeon Crawl Stone Soup version 0.27-a0-1202-ge72e49191c (webtiles) character file.

Game seed: 1453513404446911694

737 hatdisgam the Ruffian (level 7, -1/66 HPs)
             Began as a Troll Chaos Knight on June 2, 2021.
             Was a Plaything of Xom.
             Slain by Pikel
             ... wielding a +0 whip of freezing
              (7 damage)
             ... on level 5 of the Dungeon.
             The game lasted 00:08:48 (4505 turns).

hatdisgam the Ruffian (Troll Chaos Knight)          Turns: 4505, Time: 00:08:50

Health: -1/66      AC:  7    Str: 20 (23) XL:     7   Next: 46%
Magic:  6/6        EV:  9    Int:  6 (8)  God:    Xom [....*.]
Gold:   219        SH:  0    Dex:  4 (7)  Spells: 6/6 levels left

rFire    . . .     SeeInvis .   t - +1 giant spiked club (chaos)
rCold    . . .     Faith    .   (shield currently unavailable)
rNeg     . . .     Spirit   .   a - +2 robe
rPois    .         Reflect  .   (helmet restricted)
rElec    .         Harm     .   q - +0 cloak
rCorr    .         Rampage  .   (gloves unavailable)
Will     .....                  (boots unavailable)
Stlth    +++.......             (no amulet)
HPRegen  1.21/turn              (no ring)
MPRegen  0.10/turn              (no ring)

@: especially stealthy, attractive
A: large, unfitting armour, claws 3, regeneration 1, shaggy fur 1, tough skin 1,
talons 1, clumsy 1, no potion heal 1, subdued magic 1
a: Renounce Religion


You were on level 5 of the Dungeon.
You worshipped Xom.
You were a beloved toy of Xom.
You visited 1 branch of the dungeon, and saw 6 of its levels.
You also visited: Sewer.

You collected 219 gold pieces.

Inventory:

Hand Weapons
 t - a +1 giant spiked club of chaos (weapon)
Missiles
 d - 125 stones (quivered)
 k - 36 poisoned darts
 m - 8 boomerangs
 s - 8 atropa-tipped darts
Armour
 a - a +2 robe (worn)
 q - a +0 cloak (worn)
Jewellery
 x - a +4 ring of evasion
Wands
 v - a wand of flame (15)
Scrolls
 b - 4 scrolls of identify {unknown}
 c - a scroll of enchant weapon {unknown}
 f - a scroll of fog {unknown}
 j - a scroll of torment {unknown}
 l - a scroll of teleportation {unknown}
 n - a scroll of fear {unknown}
 o - a scroll of amnesia {unknown}
 u - 2 scrolls of blinking
 w - a scroll of immolation {unknown}
 y - a scroll of holy word {unknown}
Potions
 e - a potion of degeneration
 r - a potion of lignification {unknown}
 z - a potion of invisibility {unknown}


   Skills:
 - Level 2.4 Fighting
 * Level 3.2 Maces & Flails
 + Level 3.5 Throwing
 + Level 3.9 Dodging
 - Level 5.3 Unarmed Combat


You had 6 spell levels left.
You didn't know any spells.
Your spell library contained the following spells:

 Spells                   Type           Power      Damage    Failure   Level
 Magic Dart               Conj           0%         1d3       41%         1
 Searing Ray              Conj           0%         3d3       54%         2
 Dazzling Flash           Conj/Hex       0%         N/A       80%         3
 Fulminant Prism          Conj/Hex       0%         3d6       99%         4
 Iskenderun's Mystic Bla  Conj/Tloc      0%         2d3       99%         4


Dungeon Overview and Level Annotations

Branches:
Dungeon (6/15)              Sewer (visited)
 Temple: D:4-7

Altars:
Fedhas
Gozag
Makhleb
Xom

Shops:
D:4 =   D:5 :

Annotations:
D:5 Pikel


Innate Abilities, Weirdness & Mutations

You are too large for most types of armour.
You have claws for hands.
Your natural rate of healing is unusually fast.
You are covered in fur. (AC +1)
You have tough skin. (AC +1)
You have sharp toenails.
You are clumsy. (Dex -2)
Potions are less effective at restoring your health.
Your spells are a little easier to cast, but a little less powerful.


Message History

* * * LOW HITPOINT WARNING * * *
Pikel freezes you.
* * * LOW HITPOINT WARNING * * *
The lemure hits you.
* * * LOW HITPOINT WARNING * * *
Your system partially rejects the healing.
You feel better. Pikel barely misses you. The lemure hits you.
* * * LOW HITPOINT WARNING * * *
Unknown command.
Your system partially rejects the healing.
You feel better. Pikel waves his whip at you.
Pikel hits you with a +0 whip of freezing.
* * * LOW HITPOINT WARNING * * *
Pikel freezes you.
* * * LOW HITPOINT WARNING * * *
The lemure barely misses you.
It was a potion of haste.
You feel yourself speed up.
Pikel hits you with a +0 whip of freezing.
* * * LOW HITPOINT WARNING * * *
Pikel freezes you.
* * * LOW HITPOINT WARNING * * *
The lemure misses you.
Unknown command.
It was a potion of attraction.
You feel attractive to monsters.
Pikel hits you with a +0 whip of freezing.
* * * LOW HITPOINT WARNING * * *
Pikel freezes you.
* * * LOW HITPOINT WARNING * * *
Unknown command.
It was a potion of cancellation.
Your magical effects are unravelling.
You feel magically purged.
You feel yourself slow down. The lemure hits you.
* * * LOW HITPOINT WARNING * * *
Pikel hits you with a +0 whip of freezing!
You die...
Xom roars with laughter!

#############^##.#
#.##.# #.##.# ####
#.##.# ...#
#)##.##### ...#
#.##.....# ...#
#.######.# ...#
#K# #.# ...# #@#
#.# ...# #5### #.#
...# #...# #.#
#### ###.# #.# #
#<# #.# ## #.#
#.#### .## #.#
#..__# #.## #.#
####.# ##.## #.#
#.#


You could see Pikel and a lemure.

Vanquished Creatures
  An ogre (D:5)
  2 bullfrogs (Sewer)
  A water moccasin skeleton (D:5)
  A jelly (D:5)
  A centaur skeleton (D:5)
  3 orc priests
  A bullfrog skeleton (D:4)
  Terence (D:3)
  2 hound zombies (D:5)
  A hound skeleton (D:4)
  6 adders
  2 river rats (D:5)
  4 worms
  3 dart slugs
  10 orcs
  3 bats
  11 endoplasms
  12 giant cockroaches
  5 goblins
  8 hobgoblins
  2 jackals (D:3)
  13 quokkas
  16 ball pythons
  16 frilled lizards
  5 kobolds
  5 rats
135 creatures vanquished.

Notes
Turn   | Place    | Note
-------+----------+-------------------------------------------
     0 | D:1      | hatdisgam the Troll Chaos Knight began the quest for the
                  | Orb.
     0 | D:1      | Reached XP level 1. HP: 22/22 MP: 0/0
    44 | D:1      | XOM: butterfly on damage
   212 | D:1      | Reached XP level 2. HP: 23/29 MP: 1/1
   418 | D:1      | XOM: smoke on damage
   607 | D:1      | XOM: silly message
   689 | D:2      | Reached skill level 1 in Throwing
   748 | D:2      | Reached XP level 3. HP: 36/36 MP: 2/2
   942 | D:2      | Found a blossoming altar of Fedhas.
  1250 | D:3      | XOM: give mutation
  1250 | D:3      | Gained mutation: You have sharp toenails. [Xom's grace]
  1289 | D:3      | Reached skill level 4 in Unarmed Combat
  1289 | D:3      | Reached XP level 4. HP: 39/44 MP: 3/3
  1344 | D:3      | XOM: cloud trail
  1349 | D:3      | Noticed Terence
  1364 | D:3      | Killed Terence
  1498 | D:3      | Found a faded altar of an unknown god.
  1532 | D:3      | Reached XP level 5. HP: 50/50 MP: 4/4
  1539 | D:3      | Found a burning altar of Makhleb.
  1786 | D:3      | XOM: give mutation
  1786 | D:3      | Gained mutation: Your spells are a little easier to cast,
                  | but a little less powerful. [Xom's mischief]
  1850 | D:3      | XOM: smoke on damage
  2104 | D:4      | Found Suonitz's Jewellery Boutique.
  2182 | D:4      | XOM: give mutations
  2182 | D:4      | Gained mutation: You are robust. (+10% HP) [Xom's mischief]
  2182 | D:4      | Gained mutation: Potions are less effective at restoring
                  | your health. [Xom's mischief]
  2182 | D:4      | Gained mutation: You are clumsy. (Dex -2) [Xom's mischief]
  2182 | D:4      | Lost mutation: You are robust. (+10% HP) [Xom's mischief]
  2296 | D:4      | XOM: god gift: scroll labelled EWICATZUKACH {god gift}
  2379 | D:4      | XOM: noise
  2829 | D:4      | Reached skill level 5 in Unarmed Combat
  2833 | D:4      | XOM: scenery: 1 doors open
  2932 | D:4      | XOM is BORED!
  2932 | D:4      | XOM: summons 3 hostile demons
  2952 | D:5      | Entered Level 5 of the Dungeon
  2972 | D:5      | Noticed an ogre
  2978 | D:5      | XOM: chaos upgrade
  2979 | D:5      | Killed an ogre
  2980 | D:5      | Reached XP level 6. HP: 21/59 MP: 5/5
  3074 | D:5      | Found Aqianidy's Book Shoppe.
  3102 | D:5      | Reached skill level 1 in Maces & Flails
  3157 | D:5      | Found a glowing drain.
  3194 | Sewer    | Entered a sewer
  3539 | Sewer    | XOM: smoke on damage
  3540 | Sewer    | XOM: stat loss: -1 Int (7/8)
  3640 | Sewer    | XOM: silly message
  3648 | Sewer    | Reached XP level 7. HP: 66/66 MP: 6/6
  3663 | Sewer    | XOM: confusion
  3691 | Sewer    | XOM: silly message
  3754 | Sewer    | XOM: stat loss: -1 Dex (6/7)
  3840 | D:5      | XOM: scenery: summon butterflies
  4124 | D:5      | XOM: summons 4 friendly demons
  4180 | D:5      | XOM: scenery: create altars
  4279 | D:5      | Found an opulent altar of Gozag.
  4393 | D:5      | XOM: scenery: summon butterflies
  4489 | D:6      | XOM: stealth player
  4489 | D:6      | Noticed Pikel
  4505 | D:5      | Slain by Pikel

Illustrated notes

Levels and vault maps discovered:
D:1:      amcnicky_arrival_single_pillar, layout_basic
D:2:      layout_basic, basic_altar, grunt_ministairs_3
D:3:      layout_loops_ring, lemuel_tele_altar,
          ebering_ecumenical_altar_petrified, corexii_item_surrounded_by_moat,
          amethyst_killhole, uniq_terence
D:4:      layout_basic, serial_shops, shop
D:5:      layout_loops_ring, grunt_gozag_breadcrumbs, serial_shops, shop,
          portal_sewer_entry_b
D:6:      layout_loops_ring, regret_index_temple_of_mockery,
          kennysheep_mini_moat, fedhas_altar_1, minmay_temple_entry_mini_moons,
          serial_park_tiny_1, uniq_maggie, uniq_pikel, uniq_crazy_yiuf_cottage

Skill      XL: |  1  2  3  4  5  6  7 |
---------------+----------------------+-----
Dodging        | 2 3 |  3.9
Throwing       | 1 2 3 |  3.5
Unarmed Combat | 4 5 |  5.3
Maces & Flails | 2 3 |  3.2
Fighting       | |  2.4

Action                   |  1- 3 |  4- 6 |  7- 9 || total
-------------------------+-------+-------+-------++-------
Melee: Unarmed           |    84 |    74 |       ||   158
       Kick              |     2 |    60 |     9 ||    71
       Punch             |       |     1 |       ||     1
       Giant spiked club |       |   338 |    65 ||   403
  Use: Scroll            |       |     1 |       ||     1
       Potion            |       |       |     9 ||     9
Armor: Robe              |    26 |   418 |    67 ||   511
Dodge: Dodged            |    35 |   442 |    62 ||   539

Table legend: (Time is in decaauts)
 A = Elapsed time spent in this place.
 B = Non-inter-level travel time spent in this place.
 C = Inter-level travel time spent in this place.
 D = Time resting spent in this place.
 E = Time spent auto-exploring this place.
 F = Levels seen in this place.
 G = Mean time per level.
                   A        B        C        D        E       F      G
               +--------+--------+--------+--------+--------+-----+--------+
         Total |   4864 |   4739 |    125 |     82 |   3413 |   7 |  694.9 |
       Dungeon |   3935 |   3810 |    125 |     82 |   3179 |   6 |  655.8 |
         Sewer |    928 |    928 |      0 |      0 |    234 |   1 |  928.0 |
               +--------+--------+--------+--------+--------+-----+--------+

Top non-repeatable levels by time:
     D:5: 990 daAuts
   Sewer: 928 daAuts
     D:4: 912 daAuts
     D:3: 784 daAuts
     D:1: 683 daAuts
     D:2: 561 daAuts
     D:6: 3 daAuts
